 Dungeon Crawl Stone Soup version 0.31.0-11-ge490571c62 (webtiles) character file.

Game seed: 10623197268898948487

74 Ekaitz the Apothecary (level 4, -1/28 HPs)
             Began as an Octopode Alchemist on Feb 2, 2024.
             Slain by a goblin
             ... wielding a +0 club
             ... led by Robin
              (3 damage)
             ... on level 2 of the Dungeon.
             The game lasted 00:04:18 (1110 turns).

Ekaitz the Apothecary (Octopode Alchemist)          Turns: 1110, Time: 00:04:18

Health: -1/28      AC:  1    Str:  7    XL:     4   Next: 30%
Magic:  5/7        EV: 14    Int: 17    God:
Gold:   14         SH:  0    Dex: 20    Spells: 1/7 levels left

rFire   . . .        b - +0 dagger
rCold   . . .        (no shield)
rNeg    . . .        (helmet restricted)
rPois   .            d - amulet of magic regeneration
rElec   .            e - +6 ring of dexterity
rCorr   .            (no ring)
SInv    .            (no ring)
Will    .....        (no ring)
Stlth   ++++         (no ring)
HPRegen 0.24/turn    (no ring)
MPRegen 0.50/turn    (no ring)
                     (no ring)

%: no passive effects
@: no status effects
A: almost no armour, amphibious, 8 rings, camouflage 1, gelatinous body 1,
(nimble swimmer 1), tentacles
a: no special abilities


You were on level 2 of the Dungeon.
You visited 1 branch of the dungeon, and saw 2 of its levels.

You collected 64 gold pieces.
You spent 50 gold pieces at shops.

Inventory:

Hand Weapons
 b - a +0 dagger (weapon)
Jewellery
 d - an amulet of magic regeneration (around mantle)
 e - a +6 ring of dexterity (left tentacle)
Scrolls
 c - a scroll of vulnerability {unknown}
 g - a scroll of enchant weapon {unknown}
 i - a scroll of identify
 k - a scroll of revelation {unknown}
Potions
 a - a potion of magic
 f - 2 potions of haste {unknown}
 h - a potion of might {unknown}
 j - a potion of curing


   Skills:
 * Level 1.1 Fighting
 + Level 0.1 Short Blades
 * Level 2.2 Dodging
 + Level 3.4 Stealth
 + Level 2.3 Spellcasting
 * Level 1.5 Conjurations
 * Level 0.7 Air Magic
 * Level 4.0 Alchemy


You had one spell level left.
You knew the following spells:

 Your Spells              Type           Power      Damage    Failure   Level
a - Sting                 Conj/Alch      44%        1d5       6%          1
b - Mercury Vapours       Alch/Air       20%        N/A       11%         2
c - Mephitic Cloud        Conj/Alch/Air  9%         N/A       24%         3

Your spell library contained the following spells:

 Spells                   Type           Power      Damage    Failure   Level
 Olgreb's Toxic Radiance  Alch           15%        N/A       34%         4
 Sticky Flame             Fire/Alch      8%         2d4       63%         4


Dungeon Overview and Level Annotations

Branches:
Dungeon (2/15)

Altars:

Shops:
D:1 (   D:2 *

Annotations:
D:2 Sigmund


Innate Abilities, Weirdness & Mutations

You cannot wear most types of armour.
You are amphibious.
You can wear up to eight rings at the same time.
Your skin changes colour to match your surroundings (Stealth+).
Your rubbery body absorbs attacks. (AC +1, EV +1)
((You are camouflaged when in or above water. (Stealth+)))
You have tentacles for arms and can constrict up to eight enemies at once.


Message History

The hobgoblin appears confused.
The goblin hits you with a +0 club.
* * * LOW HITPOINT WARNING * * *
The goblin unwields a +0 dagger.
The goblin wields a +0 sling.
The goblin shoots a sling bullet.
The sling bullet closely misses you.
Unknown command.
The hobgoblin is engulfed in noxious fumes.
The hobgoblin appears confused.
Unknown command.
You feel less confused.
The hobgoblin is engulfed in noxious fumes.
The hobgoblin appears confused.
Unknown command.
The hobgoblin is engulfed in noxious fumes.
The hobgoblin appears confused.
The hobgoblin is engulfed in noxious fumes.
The hobgoblin appears confused.
The hobgoblin is engulfed in noxious fumes.
The hobgoblin appears confused.
The goblin attacks as it pursues you! The goblin hits you with a +0 club.
* * * LOW HITPOINT WARNING * * *
The goblin shoots a sling bullet.
The sling bullet hits you.
* * * LOW HITPOINT WARNING * * *
Casting: Mephitic Cloud (quite dangerous; 24% risk of failure)
Confirm with . or Enter, or press ? or * to list all spells.
Aiming: Sting (safe; 6% risk of failure)
Press: ? - help, Shift-Dir - straight line, f - goblin, p - hobgoblin
Aim: a goblin, wielding a +0 club (64% to hit)
The sting misses the goblin.
The sting hits the goblin.
The goblin is poisoned.
The goblin is moderately wounded.
The goblin closely misses you.
Unknown command.
Casting: Sting (safe; 6% risk of failure)
Confirm with . or Enter, or press ? or * to list all spells.
Aiming: Mercury Vapours (safe; 11% risk of failure)
Press: ? - help, Dir - move target, f - goblin, p - goblin
Aim: a goblin, wielding a +0 dagger (moderately wounded, poisoned, chance to weaken: 100%) Fumes of mercury billow around the goblin!
The goblin looks even sicker.
The goblin looks weaker. x2
The goblin hits you with a +0 club.
You die...

#........g...#........
#..........g.#........
#..............#######
#..............#
#..............#
#............g.# ########
#.........####g# #......#
#.........# #g# #......#
#.......).# #@# #......#
#.(.......# #.# #....).#
#.........####.#####......#####
############.......#...........
##......#..........#
#......#..........#
#......#.....†....#
#......#..........#
#..)..............#


You could see 4 goblins.

Vanquished Creatures
  Terence (D:2)
  Robin (D:2)
  2 dart slugs (D:1)
  A ball python (D:2)
  4 bats
  3 endoplasms
  2 giant cockroaches
  8 goblins
  7 hobgoblins
  A quokka (D:2)
  A kobold (D:2)
  3 rats (D:1)
34 creatures vanquished.

Notes
Turn   | Place    | Note
-------+----------+-------------------------------------------
     0 | D:1      | Ekaitz the Octopode Alchemist began the quest for the Orb.
     0 | D:1      | Reached XP level 1. HP: 11/11 MP: 3/3
    96 | D:1      | You fall into a shaft and drop 1 floor!
   140 | D:2      | Noticed Sigmund
   171 | D:2      | Reached XP level 2. HP: 10/17 MP: 5/5
   175 | D:2      | Learned a level 2 spell: Mercury Vapours
   468 | D:1      | Found a faded altar of an unknown god.
   618 | D:1      | Reached XP level 3. HP: 22/22 MP: 3/6
   622 | D:1      | Learned a level 3 spell: Mephitic Cloud
   693 | D:1      | Found Cenwesun's Antique Weapon Shoppe.
   873 | D:2      | Noticed Terence
   878 | D:2      | Killed Terence
   972 | D:2      | Reached XP level 4. HP: 27/27 MP: 5/7
   976 | D:2      | Found Baagam's General Store.
   980 | D:2      | Reached skill level 4 in Alchemy
   997 | D:2      | Bought a scroll of identify for 20 gold pieces
   997 | D:2      | Bought a potion of curing for 30 gold pieces
  1038 | D:2      | Noticed Robin
  1084 | D:2      | Killed Robin
  1085 | D:2      | Reached skill level 1 in Fighting
  1106 | D:2      | HP: 1/28 [goblin/sling bullet[Robin] (2)]
  1110 | D:2      | Slain by a goblin

Illustrated notes

Levels and vault maps discovered:
D:1:      heliophobic_arrival_enchanted_forest, layout_loops_ring, serial_shops,
          nicolae_shop_peninsula, hellmonk_ecumenical_altar_pennies_from_heaven,
          minmay_misc_feat_roman, serial_bayou_pond_d, minmay_cut_off
D:2:      layout_basic, serial_shops, shop, uniq_robin, uniq_terence,
          uniq_sigmund

Skill      XL: |  1  2  3  4 |
---------------+-------------+-----
Stealth        | 3 |  3.4
Alchemy        | 4 |  4.0
Fighting       | 1 |  1.1
Short Blades   | |  0.1
Dodging        | |  2.2
Spellcasting   | |  2.3
Conjurations   | |  1.5
Air Magic      | |  0.7

Action                     |  1- 3 |  4- 6 || total
---------------------------+-------+-------++-------
  Melee: Dagger            |    21 |     2 ||    23
         Constrict         |     6 |     1 ||     7
         Tentacles         |     4 |     1 ||     5
   Cast: Sting             |    21 |     9 ||    30
         Mercury Vapours   |       |     4 ||     4
         Mephitic Cloud    |       |     1 ||     1
   Stab: Sleeping          |     9 |       ||     9
 Armour: Skin              |     9 |    16 ||    25
  Dodge: Dodged            |    16 |     9 ||    25
